 Dungeon Crawl Stone Soup version 0.30-a0-743-gbfdf073431 (webtiles) character file.

Game seed: 4610859652890674548

25767 browni3141 the Cleaver (level 12, -1/96 HPs)
             Began as a Mummy Cinder Acolyte on Feb 6, 2023.
             Was a Priest of Ignis.
             Slain by a black mamba (9 damage)
             ... on level 4 of the Lair of Beasts.
             The game lasted 00:37:31 (15413 turns).

browni3141 the Cleaver (Mummy Cinder Acolyte)      Turns: 15413, Time: 00:37:31

Health: -1/96      AC: 36    Str: 28    XL:     12   Next: 92%
Magic:  15/15      EV:  6    Int: 13    God:    Ignis [***...]
Gold:   581        SH:  9    Dex:  8    Spells: 13/15 levels left

rFire   + . .      SeeInvis +    b - +0 war axe
rCold   + . .      Faith    +    v - +0 kite shield
rNeg    + + +      Spirit   .    F - +7 plate armour "Uzewasty" {rF+ rN+ SInv}
rPois   ∞          Reflect  .    s - +2 helmet
rElec   .          Harm     .    x - +2 cloak {Will+}
rCorr   .          Rampage  .    u - +1 pair of gloves
Will    ++...                    (no boots) Stlth
                                 (no amulet)
HPRegen 0.36/turn                o - ring of flight
MPRegen 0.14/turn                z - +6 ring of strength

@: fiery-armoured, flying
A: cold resistance 1, negative energy resistance 3, torment resistance 2, heat
vulnerability 1, in touch with death 1, no potions, faith
a: Renounce Religion, Fiery Armour, Foxfire Swarm, Rising Flame


You were on level 4 of the Lair of Beasts.
You worshipped Ignis.
Ignis was most pleased with you.
You visited 2 branches of the dungeon, and saw 13 of its levels.

You collected 839 gold pieces.
You spent 258 gold pieces at shops.

Inventory:

Hand Weapons
 a - a +3 spectral club
 b - a +0 war axe (weapon)
 d - a +0 dagger
 f - a +0 sling
 n - a +4 arbalest of draining
 t - a -1 hand axe of flaming
Missiles
 j - 36 poisoned darts
 H - a throwing net
Armour
 c - a +0 robe
 i - a +0 plate armour
 k - a +0 chain mail
 l - a +3 leather armour
 q - a +0 leather armour of willpower
 s - a +2 helmet (worn)
 u - a +1 pair of gloves (worn)
 v - a +0 kite shield (worn)
 x - a +2 cloak of willpower (worn)
 F - the +7 plate armour "Uzewasty" (worn) {rF+ rN+ SInv}
   (You found it on level 9 of the Dungeon)

   rF:        It protects you from fire.
   rN:        It protects you from negative energy.
   SInv:      It lets you see invisible.
Magical Staves
 K - a staff of fire
Jewellery
 o - a ring of flight (left hand)
 z - a +6 ring of strength (right hand)
 E - a ring of ice
Wands
 w - a wand of polymorph (16)
 y - a wand of flame (17)
 B - a wand of paralysis (15)
 G - a wand of acid (2)
Scrolls
 e - 3 scrolls of enchant weapon
 g - 2 scrolls of immolation
 h - 4 scrolls of magic mapping
 m - 5 scrolls of teleportation
 p - a scroll of fog
 r - a scroll of amnesia
 A - 3 scrolls of noise
 C - 2 scrolls of blinking
 D - 2 scrolls of identify
 L - a scroll of brand weapon
Miscellaneous
 J - a piece from Xom's chessboard (15/15)


   Skills:
 * Level 9.5 Fighting
 * Level 10.9 Axes
 - Level 2.0 Throwing
 * Level 7.9 Armour
 - Level 2.0 Dodging
 - Level 1.0 Stealth
 - Level 8.0 Shields
 - Level 2.0 Spellcasting
 - Level 3.0 Fire Magic
 - Level 6.0 Evocations


You had 13 spell levels left.
You knew the following spells:

 Your Spells              Type           Power      Damage    Failure   Level
a - Scorch                Fire           18%        2d5       94%         2

Your spell library contained the following spells:

 Spells                   Type           Power      Damage    Failure   Level
 Apportation              Tloc           2%         N/A       99%         1
 Slow                     Hex            4%         N/A       99%         1
 Sting                    Tmut/Pois      4%         1d3       99%         1
 Confusing Touch          Hex            1%         N/A       100%        3
 Hailstorm                Conj/Ice       1%         3d3       100%        3
 Vampiric Draining        Necr           1%         2d6       100%        3
 Vhi's Electric Charge    Tloc/Air       2%         N/A       100%        3
 Animate Armour           Summ/Erth      2%         N/A       100%        4
 Alistair's Intoxication  Tmut/Pois      0%         N/A       100%        5
 Arcjolt                  Conj/Air       0%         1d10      100%        5
 Eringya's Noxious Bog    Tmut/Pois      0%         N/A       100%        6
 Iron Shot                Conj/Erth      0%         9d1       100%        6
 Simulacrum               Ice/Necr       0%         N/A       100%        6
 Maxwell's Capacitive Co  Air            0%         ∞         100%        8
 Beastly Appendage        Tmut           Unusable   N/A       N/A         1
 Ice Form                 Ice/Tmut       Unusable   N/A       N/A         4
 Blade Hands              Tmut           Unusable   N/A       N/A         5

Dungeon Overview and Level Annotations

Branches:
Dungeon (9/15)             Temple (0/1) D:6            Lair (4/5) D:9
  Snake (0/4) Lair:3          Orc (0/2) D:9
  Swamp: Lair:2-3    Shoals: Lair:2-3     Slime: Lair:4-5

Altars:
Qazlal
Uskayaw
Wu Jian
Yredelemnul

Shops:
D:4 ::?*!

Annotations:
D:4 1 runed translucent door, Crazy Yiuf
D:7 2 runed translucent doors, exclusion: 2 doors, Darkkill's ghost, novice MiHu
Lair:1 3 runed translucent doors, exclusion: 3 doors, spacey5's ghost, journeyman MiBe


Innate Abilities, Weirdness & Mutations

You are immune to poison.
Your flesh is cold resistant. (rC+)
You are immune to negative energy. (rN+++)
You are immune to unholy pain and torment.
You are vulnerable to heat. (rF-)
You are in touch with the powers of death.
You do not drink.
You have a special connection with the divine. (Faith)


Message History

You hear an angry buzzing noise.
You block the killer bee's attack. The wolf bites you but does no damage.
The wolf is burned by your cloak of flames.
The wolf is moderately wounded.
You block the black mamba's attack.
The killer bee stings you but does no damage.
You block the wolf's attack. The black mamba barely misses you.
You miss the black mamba. You hit the wolf. You closely miss the killer bee.
You block the killer bee's attack. The wolf bites you.
* * * LOW HITPOINT WARNING * * *
The wolf is burned by your cloak of flames.
The wolf is heavily wounded.
The black mamba bites you but does no damage.
The black mamba is burned by your cloak of flames.
The black mamba is lightly wounded.
The killer bee stings you but does no damage.
The killer bee is burned by your cloak of flames.
You kill the killer bee!
You block the black mamba's attack. The wolf bites you.
* * * LOW HITPOINT WARNING * * *
The wolf is burned by your cloak of flames.
The wolf is severely wounded.
You hit the black mamba but do no damage.
The black mamba is lightly wounded.
You miss the wolf.
The black mamba bites you but does no damage.
The black mamba is burned by your cloak of flames.
The black mamba is moderately wounded.
You block the wolf's attack.
The black mamba bites you but does no damage.
The black mamba is burned by your cloak of flames.
The black mamba is lightly wounded.
The black mamba bites you!
* * * LOW HITPOINT WARNING * * *
The black mamba is burned by your cloak of flames.
The black mamba is moderately wounded.
The wolf bites you but does no damage.
A killer bee comes into view.
The black mamba bites you!
You die...

#... ... P.# ## ..
!# .# #. #. #. )#
#.##S#S# #.#.#@#
#.#.#h#
#####..#†###
.......#y#.## #
#....#...# #.. .
#..##..#..##..##..
#..##.##..##..#
#..##..#..##..#
..#
#...#....###...


You could see 2 black mambas, a wolf and a killer bee (wandering).

Vanquished Creatures
  Erolcha (D:9)
  A two-headed ogre (D:8)
  A lindwurm (Lair:4)
  Pikel (D:4)
  2 black mambas (Lair:1)
  An elephant (Lair:4)
  10 cane toads
  4 rime drakes
  4 komodo dragons
  2 meliai (Lair:4)
  2 polar bears
  Grinder (D:3)
  15 blink frogs
  10 dream sheep
  A shadow (D:7)
  3 wyverns
  23 yaks
  A fire bat (D:7)
  7 basilisks
  A steam dragon (D:7)
  3 nagas (Lair:3)
  A swamp worm (Lair:3)
  14 water moccasins
  An orc warrior (D:7)
  An ice beast (D:8)
  2 black bears
  9 wolves (Lair:3)
  3 ogres
  2 centaurs
  A phantom (D:6)
  A kobold brigand (D:9)
  9 bullfrogs
  A gnoll sergeant (D:5)
  5 scorpions
  5 wights (D:9)
  31 killer bees
  3 howler monkeys (D:9)
  4 jellies
  2 gnoll boudas
  A hound (D:5)
  4 iguanas
  2 orc priests
  6 orc wizards
  Robin (D:3)
  7 adders
  16 gnolls
  A river rat (Lair:4)
  3 shadow imps
  A white imp (D:8)
  4 worms
  4 dart slugs
  22 orcs
  10 ball pythons
  5 bats
  10 endoplasms
  5 giant cockroaches
  16 goblins
  10 hobgoblins
  15 kobolds
  4 quokkas
  A frilled lizard (D:1)
  5 rats
342 creatures vanquished.

Vanquished Creatures (others)
  A bush (Lair:1)
  21 foxfires (D:8)
  23 fungi
  64 plants
109 creatures vanquished.

Grand Total: 451 creatures vanquished

Notes
Turn   | Place    | Note
-------+----------+-------------------------------------------
     0 | D:1      | browni3141 the Mummy Cinder Acolyte began the quest for the
                  | Orb.
     0 | D:1      | Reached XP level 1. HP: 18/18 MP: 2/2
   177 | D:1      | Reached XP level 2. HP: 11/24 MP: 4/4
   399 | D:1      | Found a faded altar of an unknown god.
   423 | D:1      | Reached skill level 1 in Stealth
   746 | D:1      | You fall into a shaft and drop 1 floor!
   768 | D:2      | Gained mutation: You are in touch with the powers of death.
                  | [Mummy growth]
   768 | D:2      | Reached XP level 3. HP: 25/29 MP: 5/5
  1500 | D:2      | Reached skill level 3 in Axes
  1847 | D:3      | Reached XP level 4. HP: 33/35 MP: 6/6
  1915 | D:3      | Noticed a scorpion
  1923 | D:3      | Killed a scorpion
  1924 | D:3      | Reached skill level 4 in Axes
  1927 | D:3      | Learned a level 2 spell: Scorch
  1997 | D:3      | Reached XP level 5. HP: 39/41 MP: 1/7
  2099 | D:3      | Noticed Grinder
  2101 | D:3      | Paralysed by Grinder for 2 turns
  2106 | D:3      | Paralysed by Grinder for 4 turns
  2111 | D:3      | Killed Grinder
  2112 | D:3      | Reached skill level 5 in Axes
  2112 | D:3      | Reached XP level 6. HP: 41/47 MP: 1/9
  2495 | D:3      | Noticed Robin
  2514 | D:3      | Killed Robin
  2726 | D:4      | Found Muoshral's Book Boutique.
  2808 | D:4      | Found Hiddaron's Distillery.
  2933 | D:4      | Reached skill level 6 in Axes
  3023 | D:4      | Identified the +0 robe "Usau" {rC+ Str+3}
  3033 | D:4      | Noticed Pikel
  3051 | D:4      | Killed Pikel
  3052 | D:4      | Reached XP level 7. HP: 28/52 MP: 8/10
  3149 | D:4      | Found Zurr's General Store.
  3153 | D:4      | Bought a +1 cloak of willpower for 214 gold pieces
  3241 | D:4      | Found a runed translucent door.
  3242 | D:4      | Noticed Crazy Yiuf
  3452 | D:4      | Found Luuf's Magic Scroll Boutique.
  3460 | D:4      | Bought a scroll of identify for 22 gold pieces
  3460 | D:4      | Bought a scroll of identify for 22 gold pieces
  3513 | D:4      | Found Neil's Book Shoppe.
  3608 | D:4      | Identified a scroll of acquirement
  3726 | D:4      | Acquired a +4 arbalest of draining
  3742 | D:5      | Entered Level 5 of the Dungeon
  3835 | D:2      | Reached XP level 8. HP: 44/58 MP: 11/11
  4225 | D:5      | Reached skill level 7 in Axes
  4937 | D:5      | Found a stormy altar of Qazlal.
  4942 | D:5      | Found an ornate altar of the Wu Jian Council.
  5047 | D:5      | Reached skill level 1 in Shields
  5256 | D:5      | Reached skill level 8 in Axes
  5559 | D:6      | Found a staircase to the Ecumenical Temple.
  6021 | D:6      | Reached XP level 9. HP: 23/63 MP: 12/12
  6299 | D:7      | Reached skill level 5 in Shields
  6984 | D:7      | Found a basalt altar of Yredelemnul.
  7125 | D:7      | Found a large runed translucent door.
  7126 | D:7      | Found a large runed translucent door.
  7131 | D:7      | Noticed Darkkill's ghost (novice MiHu)
  7554 | D:8      | Noticed a two-headed ogre
  7791 | D:8      | Killed a two-headed ogre
  7792 | D:8      | Reached XP level 10. HP: 36/70 MP: 13/13
  8018 | D:8      | Found a hide-covered altar of Uskayaw.
  8673 | D:9      | Identified the +7 plate armour "Uzewasty" {rF+ rN+ SInv}
  8772 | D:8      | Reached skill level 1 in Evocations
  8781 | D:8      | Reached skill level 5 in Armour
  8997 | D:9      | Found a staircase to the Lair.
  9255 | D:9      | Noticed Erolcha
  9264 | D:9      | Killed Erolcha
  9453 | D:9      | Found a staircase to the Orcish Mines.
  9489 | D:9      | Reached XP level 11. HP: 75/75 MP: 14/14
  9694 | Lair:1   | Entered Level 1 of the Lair of Beasts
  9703 | Lair:1   | Reached skill level 9 in Axes
  9703 | Lair:1   | Reached skill level 5 in Evocations
 10128 | Lair:1   | Got the Folio of Modification
 10182 | Lair:1   | Found a runed translucent gate.
 10183 | Lair:1   | Found a runed translucent gate.
 10183 | Lair:1   | Found a runed translucent gate.
 10183 | Lair:1   | Noticed spacey5's ghost (journeyman MiBe)
 10186 | Lair:1   | Noticed a six-headed hydra
 10696 | Lair:1   | Reached skill level 5 in Fighting
 11588 | Lair:2   | Reached skill level 10 in Axes
 12391 | Lair:2   | Reached XP level 12. HP: 53/91 MP: 15/15
 13466 | Lair:3   | Found a staircase to the Snake Pit.
 14021 | Lair:3   | Noticed an eight-headed hydra
 15413 | Lair:4   | Slain by a black mamba

Illustrated notes

Levels and vault maps discovered:
D:1:      dpeg_arrival_arbitrary_a, layout_basic,
          hellmonk_ecumenical_altar_arch_garden, minmay_heptomino_w4
D:2:      kennysheep_big_flooded_room, layout_rooms, hex_intersection
D:3:      layout_basic, minmay_surrounded, uniq_robin, uniq_grinder
D:4:      layout_gridville, serial_shops, nicolae_shop_stone,
          nicolae_stop_n_shop_2, nicolae_shop_crystal, shop, shop,
          chequers_serial_rivers_large_a, glass_columns_a, minmay_crystal_water,
          uniq_pikel, uniq_crazy_yiuf_cottage
D:5:      layout_loops_ring, mainiacjoe_overflow_big_doors, nrook_mini_vaults
D:6:      layout_gridville, temple_doors_e
D:7:      layout_cave_pools, lemuel_coloured_pillars_altar,
          kennysheep_ying_yang, ebering_ghost_disaster_area
D:8:      layout_basic, mainiacjoe_overflow_six_doors_small, minmay_statues_item
D:9:      layout_cave_pools, minmay_lair_entry_grove, minmay_misc_feat_enclosed,
          uniq_erolcha
Lair:1:   layout_small_grid, gammafunk_ghost_split, grunt_megastairs_3,
          serial_bayou_shore_a
Lair:2:   layout_regular_city, grunt_megastairs_1
Lair:3:   layout_big_grid, palyth_hydra_swamp_entry, guppyfry_snake_entry_garden
Lair:4:   regret_index_wax_grids, layout_long_grid, slime_entry_1

Skill      XL: |  1  2  3  4  5  6  7  8  9 10 11 12 |
---------------+-------------------------------------+-----
Fire Magic     | 3 |  3.0
Stealth        | 1 |  1.0
Axes           | 3 4 5 6 8 10 | 10.9
Spellcasting   | 2 |  2.0
Throwing       | 2 |  2.0
Armour         | 2 3 5 7 |  7.9
Dodging        | 2 |  2.0
Shields        | 4 7 8 |  8.0
Evocations     | 4 6 |  6.0
Fighting       | 7 9 |  9.5

Action                     |  1- 3 |  4- 6 |  7- 9 | 10-12 || total
---------------------------+-------+-------+-------+-------++-------
  Melee: Hand axe          |    58 |       |       |       ||    58
         Dagger            |     9 |       |       |       ||     9
         Punch             |     2 |     2 |     4 |       ||     8
         War axe           |    68 |    63 |    39 |  1025 ||  1195
         Club              |       |    32 |   232 |    34 ||   298
   Fire: Sling             |    14 |       |       |       ||    14
         Arbalest          |       |       |     1 |       ||     1
   Cast: Scorch            |       |     7 |    18 |     1 ||    26
 Invoke: Fiery Armour      |       |     1 |     2 |     3 ||     6
         Foxfire Swarm     |       |       |     1 |       ||     1
  Evoke: Wand              |       |       |     8 |    15 ||    23
    Use: Scroll            |       |       |    14 |     6 ||    20
   Stab: Distracted        |       |       |     2 |       ||     2
         Paralysed         |       |       |     1 |    11 ||    12
 Armour: Robe              |    10 |       |       |       ||    10
         Leather armour    |    35 |    43 |   111 |       ||   189
         Plate armour      |       |       |    37 |   812 ||   849
  Dodge: Dodged            |    82 |    60 |   154 |   323 ||   619
  Block: Kite shield       |       |       |    19 |   587 ||   606

Table legend: (Time is in decaauts)
 A = Elapsed time spent in this place.
 B = Non-inter-level travel time spent in this place.
 C = Inter-level travel time spent in this place.
 D = Time resting spent in this place.
 E = Time spent auto-exploring this place.
 F = Levels seen in this place.
 G = Mean time per level.
                   A        B        C        D        E       F      G
               +--------+--------+--------+--------+--------+-----+--------+
         Total |  15670 |  15057 |    613 |   2041 |   9212 |  13 | 1205.4 |
       Dungeon |   9824 |   9283 |    541 |    842 |   6316 |   9 | 1091.6 |
          Lair |   5846 |   5774 |     72 |   1199 |   2896 |   4 | 1461.5 |
               +--------+--------+--------+--------+--------+-----+--------+

Top non-repeatable levels by time:
  Lair:2: 1911 daAuts
  Lair:1: 1858 daAuts
     D:1: 1363 daAuts
  Lair:3: 1330 daAuts
     D:8: 1279 daAuts
     D:7: 1200 daAuts
     D:5: 1102 daAuts
     D:4: 1076 daAuts
     D:6: 1033 daAuts
     D:3: 1022 daAuts
     D:9: 932 daAuts
     D:2: 813 daAuts
  Lair:4: 745 daAuts
